 Seeded DCSS version 0.29.1-15-g9cfb28693d (webtiles) character file.

Game seed: 16245865983455551772 (custom seed)

4 Atreus the Chiller (level 1, 10/10 HPs)
             Began as a Gargoyle Ice Elementalist on Mar 6, 2023.
             Quit the game on level 1 of the Dungeon.
             The game lasted 00:01:10 (312 turns).

Atreus the Chiller (Gargoyle Ice Elementalist)       Turns: 312, Time: 00:01:11

Health: 10/10      AC:  4    Str: 11    XL:     1   Next: 60%
Magic:  3/3        EV: 11    Int: 15    God:
Gold:   0          SH:  0    Dex: 10    Spells: 3/4 levels left

rFire   . . .      SeeInvis .   c - +0 dagger
rCold   . . .      Faith    .   (no shield)
rNeg    + . .      Spirit   .   a - +0 robe
rPois   ∞          Reflect  .   (no helmet)
rElec   +          Harm     .   (no cloak)
rCorr   .          Rampage  .   (no gloves)
Will    .....                   (no boots)
Stlth   ++........              (no amulet)
HPRegen 0.03/turn               (no ring)
MPRegen 0.08/turn               (no ring)

@: no status effects
A: sickness immunity, AC +2, negative energy resistance 1, electricity
resistance, torment resistance 1, petrification resistance
a: no special abilities


You were on level 1 of the Dungeon.
You visited 1 branch of the dungeon, and saw 1 of its levels.

Inventory:

Hand Weapons
 c - a +0 dagger (weapon)
Armour
 a - a +0 robe (worn)
Magical Staves
 f - a staff of cold
Jewellery
 e - the ring of Leynnet {rC+ Int+7 Dex+3}
   (You acquired it on level 1 of the Dungeon)

   [ring of protection from cold]

   Int:       It affects your intelligence (+7).
   Dex:       It affects your dexterity (+3).
   rC:        It protects you from cold.
Scrolls
 d - a scroll of acquirement
Potions
 b - a potion of magic


   Skills:
 + Level 1.5 Dodging
 + Level 2.2 Stealth
 + Level 2.0 Spellcasting
 + Level 4.1 Ice Magic


You had 3 spell levels left.
You knew the following spells:

 Your Spells              Type           Power      Damage    Failure   Level
a - Freeze                Ice            56%        1d7       4%          1

Your spell library contained the following spells:

 Spells                   Type           Power      Damage    Failure   Level
 Frozen Ramparts          Ice            28%        1d5       12%         3
 Ozocubu's Armour         Ice            14%        N/A       12%         3
 Hailstorm                Conj/Ice       7%         3d4       67%         4


Dungeon Overview and Level Annotations

Branches:
Dungeon (1/15)

Altars:


Innate Abilities, Weirdness & Mutations

You are immune to sickness and miasma.
Your stone body is resilient. (AC +2)
You are immune to poison.
You resist negative energy. (rN+)
You are resistant to electric shocks. (rElec)
You are resistant to unholy torment.
You are immune to petrification.


Message History

The goblin is severely wounded.
The goblin hits you but does no damage.
You hit the goblin.
You kill the goblin!
Things that are here:
a +0 dagger; a quokka corpse You start resting.
Magic restored.
You start resting.
HP restored.
Things that are here:
a +0 dagger; a quokka corpse An endoplasm comes into view.
Found 3 scrolls labelled WAC GOIFOFITOUPLEC.
The endoplasm quivers.
The endoplasm freezes you.
You are frozen.
You hit the endoplasm.
The endoplasm is moderately wounded.
The endoplasm hits you.
Aiming: Freeze (safe; 4% risk of failure)
Press: ? - help, Q - select action Shift-Dir - straight line, f - endoplasm
Aim: an endoplasm (moderately wounded)
You freeze the endoplasm.
You kill the endoplasm!
Unknown command.
You start resting.
Magic restored.
You start resting.
HP restored.
d - 3 scrolls labelled WAC GOIFOFITOUPLEC
Aiming: Freeze (safe; 4% risk of failure)
Press: ? - help, Q - select action Shift-Dir - straight line, f - you
Okay, then.
This is a scroll of acquirement!
Something appears at your feet!
e - the ring of Leynnet {rC+ Int+7 Dex+3} Something appears at your feet!
f - a staff of cold Are you sure you want to abandon this character and quit the game? (Confirm with "yes".)

# .# #.#
######..####
#.@.........
.......#..#.....
#.##...#..# ...
#...###.## #
#...#(#..#
#..##.##.##
#..#...#..# ...
#.##...##.##
....
#.....#..#.....


There were no monsters in sight!

Vanquished Creatures
  An endoplasm (D:1)
  A goblin (D:1)
  A quokka (D:1)
3 creatures vanquished.

Notes
Turn   | Place    | Note
-------+----------+-------------------------------------------
     0 | D:1      | Atreus the Gargoyle Ice Elementalist began the quest for
                  | the Orb.
     0 | D:1      | Reached XP level 1. HP: 10/10 MP: 3/3
   308 | D:1      | Identified 3 scrolls of acquirement
   308 | D:1      | Acquired the ring of Leynnet {rC+ Int+7 Dex+3}
   310 | D:1      | Acquired a staff of cold
   312 | D:1      | Quit the game

Illustrated notes

Levels and vault maps discovered:
D:1:      minmay_arrival_hallway, layout_loops_corners, basic_ecumenical_altar,
          minmay_unequal

Action                   || total
-------------------------++-------
Melee: Dagger            ||    10
 Cast: Freeze            ||     4
  Use: Scroll            ||     2
Armor: Robe              ||     4
Dodge: Dodged            ||     6
